 Dungeon Crawl Stone Soup version 0.18-a0-1764-gf4ddf0b (webtiles) character file.

29 epen the Skirmisher (level 3, 0/34 HPs)
             Began as a Naga Abyssal Knight on Apr 13, 2016.
             Was a Follower of Lugonu.
             Slain by a jackal (1 damage)
             ... on level 1 of the Dungeon.
             The game lasted 00:01:13 (828 turns).

epen the Skirmisher (Naga Abyssal Knight)            Turns: 828, Time: 00:01:13

Health: 0/34       AC:  2    Str: 15    XL:     3   Next: 16%
Magic:  4/4        EV:  9    Int: 12    God:    Lugonu [*.....]
Gold:   80         SH:  0    Dex: 10    Spells: 0 memorised, 2 levels left

rFire  . . .     SeeInvis +     a - +1 falchion
rCold  . . .     Gourm    .     b - +0 leather armour
rNeg   . . .     Faith    .     (no shield)
rPois  +         Spirit   .     (no helmet)
rElec  .         Dismiss  .     (no cloak)
rCorr  .         Reflect  .     (no gloves)
SustAt .         Harm     .     (no barding)
MR     .....                    (no amulet)
Stlth  +.........               (no ring)
                                (no ring)

@: very slow, not resistant to hostile enchantments, very unstealthy
A: see invisible, deformed body, poison resistance, slowness 2, slow metabolism
1, spit poison 2, AC +1
a: Spit Poison, Depart the Abyss, Renounce Religion


You were on level 1 of the Dungeon.
You worshipped Lugonu.
Lugonu was aware of your devotion.
You were not hungry.

You visited 1 branch of the dungeon, and saw 1 of its levels.
You visited the Abyss 1 time.

You collected 80 gold pieces.

Inventory:

Hand Weapons
 a - a +1 falchion (weapon)
Armour
 b - a +0 leather armour (worn)
Scrolls
 d - a scroll of remove curse {unknown}
 e - a scroll of magic mapping {unknown}
 f - a scroll of fog {unknown}
 g - a scroll of enchant armour {unknown}
 h - a scroll of amnesia {unknown}
 j - a scroll of identify {unknown}
Potions
 i - a potion of heal wounds {unknown}
 k - a potion of curing {unknown}
Comestibles
 c - a bread ration


   Skills:
 - Level 3.0 Fighting
 * Level 2.5 Long Blades
 - Level 1.5 Armour
 + Level 1.5 Dodging
 * Level 2.6 Invocations


You had 2 spell levels left.
You didn't know any spells.

Dungeon Overview and Level Annotations

Branches:
Dungeon (1/15)

Altars:


Innate Abilities, Weirdness & Mutations

You cannot wear boots.
Your serpentine skin is tough (AC +1).
You have supernaturally acute eyesight.
Armour fits poorly on your strangely shaped body.
Your system is resistant to poisons.
You cover ground very slowly.
You have a slow metabolism.
You can spit poison.


Message History

The jackal closely misses you. The jackal barely misses you.
The jackal closely misses you.
You hit the jackal but do no damage.
The jackal is almost dead.
The jackal barely misses you. x2; The jackal bites you.
* * * LOW HITPOINT WARNING * * *
You slash the jackal!
You kill the jackal!
Lugonu accepts your kill. The jackal bites you.
* * * LOW HITPOINT WARNING * * *
The jackal bites you.
* * * LOW HITPOINT WARNING * * *
You closely miss the jackal. The jackal bites you.
* * * LOW HITPOINT WARNING * * *
The jackal barely misses you.
You closely miss the jackal. The jackal bites you.
* * * LOW HITPOINT WARNING * * *
You barely miss the jackal. The jackal bites you.
You die...

....#.#..............#.#
....+.#.#####.#....#...#
....#.#...#..........###
....#####.####...#.######
..........# #...#.......# #####
....###.### #.#.........# #...#
....# #.# #.#.#.(.##..###.#.###
....##### #(#.##.)†.......#...#
##...)..# #...@h...#.#.#..###.#
##...##.# #####.#.#...).#......#
##...##.####.....#.##.#..###.#..#
##.........#.###.#....#......#...
##...#.###.#.# ###.#..###.#..###.
#...#...#.#.# #.#......#......
#...###.#.#.# ##.###.#..###.#..
##...# #.#.#.####......#......#..
....####.#.#.......#.#.###.#..###


You could see a jackal.

Vanquished Creatures
  An ooze (D:1)
  A dart slug (D:1)
  A giant gecko (D:1)
  2 goblins (D:1)
  4 hobgoblins (D:1)
  3 jackals (D:1)
  3 kobolds (D:1)
  3 bats (D:1)
  A rat (D:1)
19 creatures vanquished.

Notes
Turn   | Place    | Note
--------------------------------------------------------------
     0 | Abyss:1  | epen the Naga Abyssal Knight began the quest for the Orb.
     0 | Abyss:1  | Reached XP level 1. HP: 21/21 MP: 2/2
    12 | Abyss:1  | Found a corrupted altar of Lugonu.
   110 | Abyss:1  | Noticed an ancient zyme
   115 | D:1      | Escaped the Abyss
   146 | D:1      | Reached skill level 1 in Dodging
   176 | D:1      | Reached XP level 2. HP: 14/28 MP: 3/3
   629 | D:1      | Reached * piety under Lugonu
   767 | D:1      | Reached XP level 3. HP: 27/34 MP: 4/4
   827 | D:1      | HP: 1/34 [jackal (2)]
   828 | D:1      | Slain by a jackal

Vault maps used:
D:1:      saegor_arrival_simple_f, hangedman_decor_points, item_on_display_a

Skill      XL: |  1 |
---------------+----+-----
Dodging        | 1 |  1.5
Fighting       | |  3.0
Long Blades    | |  2.5
Armour         | |  1.5
Invocations    | |  2.6

Action                   || total
-------------------------++-------
Melee: Falchion          ||    75
Invok: Depart the Abyss  ||     1
Armor: Leather armour    ||    31
Dodge: Dodged            ||    62
